 Dungeon Crawl Stone Soup version 0.24-a0-698-g60d090ba07 (webtiles) character file.

53 gleatch the Conjurer (level 3, 0/26 HPs)
             Began as a Draconian Conjurer on Oct 26, 2017.
             Succumbed to an adder's poison
             ... on level 2 of the Dungeon on Dec 29, 2019.
             The game lasted 00:22:41 (1753 turns).

gleatch the Conjurer (Draconian Conjurer)           Turns: 1753, Time: 00:22:42

Health: 0/26       AC:  6    Str: 10    XL:     3   Next: 64%
Magic:  7/7        EV: 12    Int: 16    God:
Gold:   48         SH:  0    Dex: 11    Spells: 6/7 levels left

rFire    . . .     SeeInvis .   f - +0 dagger
rCold    . . .     Gourm    .   (no shield)
rNeg     . . .     Faith    .   (armour unavailable)
rPois    .         Spirit   .   (helmet restricted)
rElec    .         Reflect  .   c - +0 cloak
rCorr    .         Harm     .   (no gloves)
MR       .....                  (no boots)
Stlth    ++........             (no amulet)
HPRegen  0.08/turn              (no ring)
MPRegen  0.10/turn              (no ring)

@: lethally poisoned (0 -> -4)
A: unfitting armour, cold-blooded, AC +5
a: no special abilities


You were on level 2 of the Dungeon.
You were not hungry.

You visited 1 branch of the dungeon, and saw 2 of its levels.

You collected 48 gold pieces.

Inventory:

Hand Weapons
 f - a +0 dagger (weapon)
Armour
 c - a +0 cloak (worn)
Jewellery
 h - a +4 ring of intelligence {unknown}
Scrolls
 d - a scroll of immolation {unknown}
 i - a scroll of removedness
Potions
 a - 2 potions of invisibility {unknown}
 e - a potion of degeneration {unknown}
 g - a potion of curing {unknown}
Comestibles
 b - 2 rations
 j - 3 chunks of flesh


   Skills:
 + Level 0.6 Short Blades
 + Level 2.2 Dodging
 - Level 1.9 Stealth
 + Level 2.7 Spellcasting
 + Level 4.5 Conjurations


You had 6 spell levels left.
You knew the following spells:

 Your Spells              Type           Power        Failure   Level  Hunger
a - Magic Dart            Conj           ###.         3%          1    #......

Your spell library contained the following spells:

 Spells                   Type           Power        Failure   Level  Hunger
 Searing Ray              Conj           ###...       4%          2    ##.....
 Dazzling Spray           Conj/Hex       #.....       22%         3    ###....
 Iskenderun's Mystic Bla  Conj           ###.....     30%         4    #####..
 Force Lance              Conj/Tloc      #.......     58%         4    #####..
 Fulminant Prism          Conj/Hex       #.........   58%         4    #####..


Dungeon Overview and Level Annotations

Branches:
Dungeon (2/15)

Altars:


Innate Abilities, Weirdness & Mutations

Your plain brown scales are hard. (AC +5)
You cannot fit into any form of body armour.
You are cold-blooded and may be slowed by cold attacks.


Message History

* * * LOW HITPOINT WARNING * * *
You are lethally poisoned!
The adder poisons you!
* * * LOW HITPOINT WARNING * * *
You feel sick.
* * * LOW HITPOINT WARNING * * *
You feel sick.
There is a stone staircase leading up here.
There is a lethal amount of poison in your body!
There is a lethal amount of poison in your body!
The adder barely misses you. x2
* * * LOW HITPOINT WARNING * * *
You feel sick. The adder closely misses you.
The adder bites you but does no damage.
* * * LOW HITPOINT WARNING * * *
You feel sick. The adder misses you. The adder closely misses you. x2
The adder closely misses you. The adder bites you but does no damage.
You die...

##### #...#
######.#.### #
..........
#.#.. ....#####
#.#.###>.......
#....÷÷........
###.###÷######
#.#@#.#
#.#S#.#######
#...#.......#
###########.#
#.# #. #.#
#...###.#
#.......#
#...#####


You could see an adder.

Vanquished Creatures
  An adder (D:2)
  A dart slug (D:1)
  A leopard gecko (D:1)
  3 bats
  3 giant cockroaches
  4 goblins (D:1)
  8 hobgoblins (D:1)
  5 frilled lizards (D:1)
  4 kobolds (D:1)
  11 rats
41 creatures vanquished.

Notes
Turn   | Place    | Note
-------+----------+-------------------------------------------
     0 | D:1      | gleatch the Draconian Conjurer began the quest for the Orb.
     0 | D:1      | Reached XP level 1. HP: 14/14 MP: 3/3
   527 | D:1      | Reached XP level 2. HP: 20/20 MP: 3/5
  1010 | D:1      | Reached XP level 3. HP: 24/26 MP: 0/6
  1747 | D:2      | HP: 1/26 [poisoned by an adder]
  1753 | D:2      | Succumbed to an adder's poison

Levels and vault maps discovered:
D:1:      onia_arrival_larder, minmay_strange_pillars, minmay_stone_trees_small
D:2:      layout_basic, uniq_natasha

Skill      XL: |  1  2 |
---------------+-------+-----
Dodging        | 2 |  2.2
Short Blades   | |  0.6
Stealth        | |  1.9
Spellcasting   | |  2.7
Conjurations   | |  4.5

Action                   || total
-------------------------++-------
Melee: Unarmed           ||    12
       Tailslap          ||    11
       Dagger            ||    41
 Cast: Magic Dart        ||    65
 Stab: Sleeping          ||     1
  Eat: Chunk             ||     3
Armor: Skin              ||    22
Dodge: Dodged            ||    72

Table legend:
 A = Non-vault XP
 B = Vault XP
 C = Vault XP percentage of total XP
 D = Non-vault monster count
 E = Vault monster count
 F = Vault count percentage of total count
                 A         B        C        D         E       F
            +---------+---------+-------+---------+---------+-------
      Total |      74 |       3 |   3.9 |      38 |       3 |   7.3
            +---------+---------+-------+---------+---------+-------
        D:1 |      54 |       3 |   5.3 |      33 |       3 |   8.3
        D:2 |      20 |       0 |   0.0 |       5 |       0 |   0.0
            +---------+---------+-------+---------+---------+-------
